Map: Romanticide LE

Players

silent

  • Race: Protoss Protoss
  • League: Silver

Throwfordays - Winner!

  • Race: Terran Terran
  • League: Gold

VOD

Have the link to the VOD?

Description

Time

  • Played on: Aug. 27, 2021, 8:48 p.m.
  • Length: 8:48
Show
View Real Time Build Order
Export as new Build Order

silent Protoss 

Build Orders:  

Get SALT Encoding   

  12  0:11  Probe  
  13  0:24  Probe  
  14  0:28  Pylon  
  14  0:36  Probe  
  14  0:37  Assimilator  
  15  0:51  Gateway  
  15  0:55  Gateway  
  15  1:04  Pylon  
  15  1:07  Probe  
  16  1:14  Assimilator  
  16  1:21  Probe  
  17  1:43  Cybernetics Core, Probe (Chrono Boost)  
  18  1:53  Probe (Chrono Boost)  
  19  1:58  Probe (Chrono Boost)  
  20  2:09  Probe  
  21  2:21  Probe  
  22  2:25  Stalker x2  
  23  3:01  Stalker x2  
  27  3:06  Probe (Chrono Boost)  
  28  3:16  Probe (Chrono Boost)  
  28  3:18  Stargate  
  29  3:21  Probe (Chrono Boost)  
  30  3:33  Probe  
  31  3:42  Pylon  
  31  3:47  Pylon  
  31  3:57  Void Ray (Chrono Boost)  
  31  3:59  Pylon  
  31  4:00  Stalker x2, Probe  
  36  4:04  Pylon  
  31  4:37  Void Ray (Chrono Boost)  
  31  4:44  Stalker x2  
  39  4:55  Probe  
  40  5:07  Probe  
  40  5:20  Probe  
  41  5:28  Stalker x2  
  45  5:33  Forge  
  45  5:37  Probe  
  46  5:48  Pylon  
  37  6:22  Probe  
  36  6:34  Probe  
  36  6:37  Nexus  
  37  6:46  Probe  
  26  6:58  Probe  
  27  7:04  Photon Cannon  
  27  7:10  Probe  
  27  7:13  Photon Cannon  
  28  7:16  Stalker  
  28  7:20  Sentry  
  28  7:22  Probe  
  33  7:34  Void Ray  
  33  7:40  Robotics Facility  
  37  7:56  Probe  
  37  7:57  Probe  
  39  8:08  Probe  
  39  8:09  Probe  
  41  8:21  Probe x2  
  43  8:33  Probe x2  
Show
View Real Time Build Order
Export as new Build Order

Throwfordays Terran - Winner!

Build Orders:  

Get SALT Encoding   

  12  0:00  SCV  
  13  0:16  Supply Depot  
  13  0:18  SCV  
  14  0:27  Refinery  
  14  0:30  SCV  
  15  0:42  Barracks  
  15  0:46  SCV  
  16  0:58  SCV  
  16  1:02  Supply Depot  
  17  1:10  SCV  
  18  1:22  SCV  
  19  1:27  Barracks  
  19  1:28  Reaper  
  20  1:34  SCV  
  21  1:42  Barracks  
  21  1:50  SCV  
  21  1:53  Refinery  
  22  2:00  Reaper  
  23  2:02  SCV  
  24  2:15  Reaper  
  25  2:18  SCV  
  26  2:30  SCV  
  26  2:33  Reaper, Supply Depot  
  28  2:44  Reaper  
  29  3:03  Reaper  
  30  3:11  Supply Depot  
  30  3:12  Engineering Bay  
  30  3:13  SCV  
  30  3:15  Reaper  
  30  3:16  Reaper  
  33  3:35  Reaper  
  33  3:36  Supply Depot  
  33  3:39  Terran Infantry Weapons Level 1  
  34  3:48  SCV  
  35  3:52  Reaper x2  
  35  3:54  Refinery  
  37  4:00  SCV  
  37  4:15  Reaper  
  37  4:37  Reaper x2  
  37  4:50  Refinery  
  38  4:53  SCV, Command Center  
  38  4:59  Supply Depot  
  39  5:05  SCV  
  39  5:19  Barracks Reactor x2  
  36  5:28  Barracks Reactor  
  29  5:59  Marine x4  
  29  6:00  Marine  
  33  6:17  Marine x5  
  34  6:35  Marine x5  
  35  6:45  SCV  
  30  6:52  Marine  
  30  6:53  Marine x4  
  34  6:58  SCV  
  35  7:10  Marine x2, SCV  
  35  7:11  Marine x2  
  35  7:12  SCV  
  41  7:15  Barracks Reactor  
  41  7:22  SCV  
  42  7:24  SCV  
  42  7:28  Marine x3  
  42  7:29  Marine  
  47  7:34  SCV  
  47  7:36  SCV  
  49  7:46  Marine x4, Supply Depot  
  49  7:48  SCV  
  54  8:00  SCV, Orbital Command  
  54  8:04  Marine x4  
  59  8:12  SCV  
  60  8:21  Marine  
  60  8:24  SCV  
Tags
 
Add a new tag
Caveats
  • Supply blocks, unpowered buildings, or Contaminate may cause inaccurate times.
  • Supply counts are checked every 10 seconds.